 Dungeon Sprint DCSS version 0.27-a0-633-gc6addc0a40 (webtiles) character file.

Game seed: 5764443819494434887

1386 mhtbhm the Swashbuckler (level 9, -11/97 HPs)
             Began as a Kobold Berserker on Mar 13, 2021.
             Was a High Priest of Trog.
             Mangled by a shadow (14 damage)
             ... in the Dungeon (Sprint IX: "|||||||||||||||||||||||||||||").
             The game lasted 00:01:10 (398 turns).

mhtbhm the Swashbuckler (Kobold Berserker)           Turns: 398, Time: 00:01:11

Health: -11/97     AC:  0    Str: 17    XL:     9   Next: 0%
Magic:  9/9        EV: 21    Int:  9    God:    Trog [*****.]
Gold:   0          SH:  0    Dex: 17    Spells: 8/8 levels left

rFire    . . .     SeeInvis .   a - +2 rapier (drain)
rCold    . . .     Faith    .   (shield restricted)
rNeg     . . .     Spirit   .   b - +0 animal skin
rPois    .         Reflect  .   k - +0 helmet
rElec    .         Harm     .   (no cloak)
rCorr    .         Rampage  .   (no gloves)
Will     .....     NoTele   +   (no boots)
Stlth    ..........             (no amulet)
HPRegen  0.26/turn              l - +3 ring of dexterity
MPRegen  0.11/turn              m - +2 ring of evasion

@: berserking (expiring), corroded, very quick
A: small, no large weapons, nightstalker 3
a: Renounce Religion, Berserk, Trog's Hand, Brothers in Arms


You were in the Dungeon.
You worshipped Trog.
Trog was extremely pleased with you.
You visited 1 branch

Inventory:

Hand Weapons
 a - a +2 rapier of draining (weapon)
Armour
 b - a +0 animal skin (worn)
 k - a +0 helmet (worn)
Jewellery
 l - a +3 ring of dexterity (right hand)
 m - a +2 ring of evasion (left hand)
Wands
 j - a wand of acid (10)
Scrolls
 h - 2 scrolls of blinking
Potions
 c - 5 potions of curing
 d - 3 potions of heal wounds
 e - a potion of haste
 f - 4 potions of magic
 g - a potion of berserk rage
 i - a potion of invisibility


   Skills:
 + Level 11.9 Fighting
 + Level 15.0 Short Blades
 + Level 5.0 Armour
 + Level 7.4 Dodging
 + Level 8.0 Stealth


You had 8 spell levels left.
You didn't know any spells.
Your spell library was empty.

Dungeon Overview and Level Annotations

Branches:
Dungeon (1/1)

Altars:
Cheibriados
Dithmenos
Elyvilon
Fedhas
Gozag
Hepliaklqana
Kikubaaqudgha
Makhleb
Nemelex Xobeh
Okawaru
Qazlal
Ru
Sif Muna
Trog
Uskayaw
Vehumet
Wu Jian
Xom
Yredelemnul
Zin
The Shining One
Beogh
Jiyva
Lugonu


Innate Abilities, Weirdness & Mutations

You are small and have problems with some larger weapons.
You are completely attuned to the shadows.


Message History

You puncture the phantom!
The phantom is severely damaged.
The phantom completely misses you.
You puncture the phantom!
The phantom is almost destroyed.
You hit the phantom.
You destroy the phantom!
Trog accepts your kill.
Your Short Blades skill increases to level 15!
Your Armour skill increases to level 5!
Your Stealth skill increases to level 8!
You hit the worker ant.
The worker ant is moderately wounded.
The shadow slips into darkness.
The shadow flickers and vanishes!
Deactivating autopickup; reactivate with Ctrl-A.
You closely miss the worker ant.
The worker ant is moderately wounded.
The worker ant bites you.
* * * LOW HITPOINT WARNING * * *
You barely miss the worker ant.
The worker ant is moderately wounded.
You hit the worker ant.
The worker ant is severely wounded.
You puncture the worker ant!
You kill the worker ant!
Trog accepts your kill.
You have reached level 9!
Your experience leads to an increase in your attributes!
Your base attributes are Str 16, Int 9, Dex 14.
Increase (S)trength, (I)ntelligence, or (D)exterity?
You feel stronger.
The shadow strikes at you from the darkness!
* * * LOW HITPOINT WARNING * * *
Reactivating autopickup.
You see here a worker ant corpse.
You puncture the shadow!
The shadow is heavily damaged.
The shadow hits you!
You die... ▓▓▓▓▓▓▓▓▓▓▓▓▓▓▓▓▓▓▓▓▓ +..W@[)'...†)†'..[[.. ▓▓▓▓▓▓▓▓▓▓▓▓▓▓▓▓▓▓▓▓▓

You could see a shadow.

Vanquished Creatures
  An unseen horror (D)
  An ugly thing (D)
  An acid dragon (D)
  An ogre (D)
  A phantom (D)
  A howler monkey (D)
  2 jellies (D)
  3 worker ants (D)
  An iguana (D)
  An adder (D)
  A shadow imp (D)
  An adder skeleton (D)
  A bat skeleton (D)
  A hobgoblin (D)
  A kobold (D)
  A frilled lizard (D)
  2 rats (D)
21 creatures vanquished.

Notes
Turn   | Place    | Note
-------+----------+-------------------------------------------
     0 | D        | mhtbhm the Kobold Berserker began the quest for the Orb.
     0 | D        | Reached XP level 1. HP: 14/14 MP: 1/1
    15 | D        | Reached ** piety under Trog
   157 | D        | Noticed a jelly
   157 | D        | Noticed a howler monkey
   157 | D        | Noticed a worker ant
   166 | D        | Killed a worker ant
   167 | D        | Reached skill level 5 in Fighting
   167 | D        | Reached skill level 6 in Short Blades
   167 | D        | Reached skill level 1 in Stealth
   167 | D        | Reached XP level 2. HP: 21/21 MP: 2/2
   167 | D        | Reached XP level 3. HP: 26/26 MP: 3/3
   170 | D        | Reached *** piety under Trog
   171 | D        | Reached skill level 7 in Short Blades
   171 | D        | Reached XP level 4. HP: 32/32 MP: 4/4
   174 | D        | Reached skill level 8 in Short Blades
   174 | D        | Reached XP level 5. HP: 37/37 MP: 5/5
   179 | D        | Reached **** piety under Trog
   180 | D        | Reached skill level 9 in Short Blades
   183 | D        | Found a snail-covered altar of Cheibriados.
   183 | D        | Found a shadowy altar of Dithmenos.
   184 | D        | Found a white marble altar of Elyvilon.
   185 | D        | Found a blossoming altar of Fedhas.
   186 | D        | Found an opulent altar of Gozag.
   187 | D        | Found a hazy altar of Hepliaklqana.
   188 | D        | Found a viscous altar of Jiyva.
   189 | D        | Found an ancient bone altar of Kikubaaqudgha.
   190 | D        | Found a corrupted altar of Lugonu.
   191 | D        | Found a burning altar of Makhleb.
   192 | D        | Found a sparkling altar of Nemelex Xobeh.
   193 | D        | Found an iron altar of Okawaru.
   194 | D        | Found a stormy altar of Qazlal.
   195 | D        | Found a sacrificial altar of Ru.
   196 | D        | Found a shimmering blue altar of Sif Muna.
   197 | D        | Found a bloodstained altar of Trog.
   198 | D        | Found a hide-covered altar of Uskayaw.
   199 | D        | Found a radiant altar of Vehumet.
   200 | D        | Found an ornate altar of the Wu Jian Council.
   201 | D        | Found a shimmering altar of Xom.
   202 | D        | Found a basalt altar of Yredelemnul.
   203 | D        | Found a glowing silver altar of Zin.
   204 | D        | Found a glowing golden altar of the Shining One.
   248 | D        | Noticed an ogre
   255 | D        | Killed an ogre
   256 | D        | Reached skill level 10 in Short Blades
   256 | D        | Reached skill level 5 in Dodging
   256 | D        | Reached XP level 6. HP: 44/44 MP: 6/6
   258 | D        | Reached skill level 11 in Short Blades
   264 | D        | Killed an unseen horror
   264 | D        | Reached ***** piety under Trog
   265 | D        | Reached skill level 13 in Short Blades
   265 | D        | Reached XP level 7. HP: 51/54 MP: 7/7
   265 | D        | Reached XP level 8. HP: 57/60 MP: 8/8
   366 | D        | Noticed a cyan ugly thing
   377 | D        | Killed a cyan ugly thing
   378 | D        | Reached skill level 14 in Short Blades
   384 | D        | Received a gift from Trog
   386 | D        | Noticed a shadow
   392 | D        | Reached skill level 15 in Short Blades
   392 | D        | Reached skill level 5 in Armour
   397 | D        | Reached XP level 9. HP: 30/65 MP: 9/9
   397 | D        | HP: 3/97 [something (27)]
   398 | D        | Mangled by a shadow

Illustrated notes

Levels and vault maps discovered:
D:        linesprint [early_d, line_temple, items_1, d_10, items_2, lair_1,
          lair_end, items_3, orc_1, orc_end, items_4, d_15, swamp_1, shoals_1,
          snake_1, spider_1, d_20, vaults_1, items_5, swamp_end, shoals_end,
          snake_end, spider_end, vaults_end, d_27, items_6, zot_1, zot_end,
          crypt_end, forest_end, elf_end, slime_end, tomb_end, abyss_end,
          pan_hell_end]

Skill      XL: |  1  2  3  4  5  6  7  8 |
---------------+-------------------------+-----
Fighting       | 5 6 8 11 | 11.9
Short Blades   | 6 7 8 10 13 15 | 15.0
Armour         | 2 3 4 5 |  5.0
Dodging        | 3 4 5 6 7 |  7.4
Stealth        | 1 3 6 8 |  8.0

Action                   |  1- 3 |  4- 6 |  7- 9 || total
-------------------------+-------+-------+-------++-------
Melee: Short sword       |    25 |     7 |       ||    32
       Rapier            |       |    12 |    28 ||    40
Invok: Berserk           |     1 |     1 |     1 ||     3
 Stab: Sleeping          |     1 |     1 |       ||     2
Dodge: Dodged            |    11 |     8 |     5 ||    24

Table legend: (Time is in decaauts)
 A = Elapsed time spent in this place.
 B = Non-inter-level travel time spent in this place.
 C = Inter-level travel time spent in this place.
 D = Time resting spent in this place.
 E = Time spent auto-exploring this place.
 F = Levels seen in this place.
 G = Mean time per level.
                   A        B        C        D        E       F      G
               +--------+--------+--------+--------+--------+-----+--------+
         Total |    376 |    376 |      0 |    237 |      0 |   1 |  376.0 |
       Dungeon |    376 |    376 |      0 |    237 |      0 |   1 |  376.0 |
               +--------+--------+--------+--------+--------+-----+--------+

Top non-repeatable levels by time:
       D: 376 daAuts
